 Dungeon Crawl Stone Soup version 0.23.0 (webtiles) character file.

Game seed: 12611772274153866260

24 Raymar the Magician (level 3, -3/24 HPs)
             Began as a Human Wanderer on Feb 9, 2019.
             Slain by Natasha (7 damage)
             ... on level 2 of the Dungeon.
             The game lasted 00:04:27 (1259 turns).

Raymar the Magician (Human Wanderer)                Turns: 1259, Time: 00:04:27

Health: -3/24      AC:  2    Str: 11    XL:     3   Next: 15%
Magic:  2/6        EV: 12    Int: 12    God:
Gold:   50         SH:  0    Dex: 18    Spells: 3/6 levels left

rFire    . . .     SeeInvis .   d - +0 dagger
rCold    . . .     Gourm    .   (no shield)
rNeg     . . .     Faith    .   c - +0 robe
rPois    .         Spirit   .   (no helmet)
rElec    .         Reflect  .   g - scarf {repulsion}
rCorr    .         Harm     .   (no gloves)
MR       .....                  (no boots)
Stlth    ++........             b - amulet of regeneration
HPRegen  0.48/turn              e - +4 ring of dexterity
MPRegen  0.10/turn              (no ring)

@: slowed, repel missiles, very slow
A: no striking features
a: no special abilities


You were on level 2 of the Dungeon.
You were not hungry.

You visited 1 branch of the dungeon, and saw 2 of its levels.

You collected 50 gold pieces.

Inventory:

Hand Weapons
 d - a +0 dagger (weapon)
Armour
 c - a +0 robe (worn)
 g - a scarf of repulsion (worn)
Jewellery
 b - an amulet of regeneration (around neck)
 e - a +4 ring of dexterity (left hand)
 h - a cursed ring of see invisible {unknown}
Wands
 i - a wand of polymorph (5)
Potions
 a - a potion of curing {unknown}
Comestibles
 f - 2 rations


   Skills:
 + Level 0.3 Fighting
 + Level 0.2 Short Blades
 - Level 1.0 Throwing
 * Level 0.8 Dodging
 * Level 1.2 Stealth
   Level 1.0 Shields
 + Level 2.3 Spellcasting
 - Level 2.0 Conjurations
 * Level 2.1 Hexes
   Level 1.0 Charms
 * Level 0.5 Ice Magic
   Level 1.0 Earth Magic


You had 3 spell levels left.
You knew the following spells:

 Your Spells              Type           Power        Failure   Level  Hunger
a - Magic Dart            Conj           #...         12%         1    ##.....
b - Ensorcelled Hibernat  Hex/Ice        #.....       24%         2    ###....

Your spell library contained the following spells:

 Spells                   Type           Power        Failure   Level  Hunger
 Slow                     Hex            #.......     17%         2    ###....
 Throw Frost              Conj/Ice       #.....       24%         2    ###....
 Blink                    Tloc           N/A          38%         2    ###....
 Call Imp                 Summ           #.......     38%         2    ###....
 Conjure Flame            Conj/Fire      #.......     47%         3    ####...
 Mephitic Cloud           Conj/Pois/Air  #.......     52%         3    ####...


Dungeon Overview and Level Annotations

Branches:
Dungeon (2/15)

Altars:

Annotations:
D:2 Natasha


Message History

Okay, then.
Casting: Ensorcelled Hibernation (safe; 24% risk of failure)
Confirm with . or Enter, or press ? or * to list all spells.
Aiming: Ensorcelled Hibernation (safe; 24% risk of failure)
Press: ? - help, Shift-Dir - straight line, f - Natasha
Aim: Natasha (heavily wounded, not susceptible) Natasha is unaffected.
Natasha casts a spell at you. The magic dart hits you!
Natasha casts a spell at you.
You feel as though you will be slow longer.
You hit Natasha but do no damage.
Natasha is heavily wounded.
Natasha claws you!
* * * LOW HITPOINT WARNING * * *
You closely miss Natasha.
Natasha is heavily wounded.
Natasha stares at you and mumbles some strange words.
You resist with significant effort. Natasha claws you!
You die...

#.# #.# #.# #.# #.#
#.# #.# #.# # #.#
#.# ####.#'####.#
..........##.#
....[.....##.#
......!..@##.#
.........h##.#
..........##.#
..........##.#
..........##.#
........(##.# #
.......).##.####....
...................
########.#.####.###


You could see Natasha.

Vanquished Creatures
  2 leopard geckos
  A bat (D:1)
  A giant cockroach (D:1)
  2 goblins (D:1)
  5 hobgoblins
  2 frilled lizards (D:1)
  2 kobolds (D:1)
  7 rats
22 creatures vanquished.

Notes
Turn   | Place    | Note
-------+----------+-------------------------------------------
     0 | D:1      | Raymar the Human Wanderer began the quest for the Orb.
     0 | D:1      | Raymar set off with the following items: a +0 robe, a +0
                  | dagger, a ration; and the following spell memorised: Magic
                  | Dart; and the following spells available to memorise: Slow,
                  | Ensorcelled Hibernation, Throw Frost, Blink, Call Imp,
                  | Conjure Flame, Mephitic Cloud
     0 | D:1      | Reached XP level 1. HP: 13/13 MP: 3/3
   362 | D:1      | Reached XP level 2. HP: 19/19 MP: 5/5
   391 | D:1      | Reached skill level 1 in Stealth
   423 | D:1      | Learned a level 2 spell: Ensorcelled Hibernation
  1181 | D:2      | Reached XP level 3. HP: 22/24 MP: 6/6
  1208 | D:2      | Noticed Natasha
  1259 | D:2      | Slain by Natasha

Skill      XL: |  1  2 |
---------------+-------+-----
Stealth        | 1 |  1.2
Fighting       | |  0.3
Short Blades   | |  0.2
Throwing       | |  1.0
Dodging        | |  0.8
Shields        | |  1.0
Spellcasting   | |  2.3
Conjurations   | |  2.0
Hexes          | |  2.1
Charms         | |  1.0
Ice Magic      | |  0.5
Earth Magic    | |  1.0

Action                   || total
-------------------------++-------
Melee: Dagger            ||   107
 Cast: Ensorcelled Hiber ||     6
       Magic Dart        ||     2
  Use: Scroll            ||     3
 Stab: Sleeping          ||     5
  Eat: Chunk             ||     2
Armor: Robe              ||    14
Dodge: Dodged            ||    66
